 Dungeon Crawl Stone Soup version 0.22-a0-254-gaf95ca0 (webtiles) character file.

2042 mortelune the Chiller (level 9, 0/57 HPs)
             Began as a Demonspawn Ice Elementalist on Mar 5, 2018.
             Was a Follower of Ashenzari.
             Slain by a hippogriff (7 damage)
             ... on level 8 of the Dungeon.
             The game lasted 00:36:38 (13233 turns).

mortelune the Chiller (DsIE)                       Turns: 13233, Time: 00:36:39

Health: 0/57       AC:  4    Str:  9    XL:     9   Next: 4%
Magic:  4/18       EV: 12    Int: 20    God:    Ashenzari [*.....]
Gold:   402        SH:  0    Dex: 13    Spells: 7/21 levels left

rFire    . . .     SeeInvis .   f - staff of energy
rCold    . . .     Gourm    .   (no shield)
rNeg     . . .     Faith    .   a - +0 robe
rPois    +         Spirit   .   (helmet restricted)
rElec    .         Reflect  .   (no cloak)
rCorr    .         Harm     .   v - +1 pair of gloves (curse)
MR       .....                  (no boots)
Stlth    ++++......             (no amulet)
HPRegen  0.19/turn              e - ring of stealth
MPRegen  0.16/turn              y - ring of poison resistance (curse)

@: no status effects
A: antennae 2, nightstalker 1, spiny 1
a: Curse Item, Scrying, Renounce Religion


You were on level 8 of the Dungeon.
You worshipped Ashenzari.
Ashenzari was aware of your devotion.
You were not hungry.

You visited 2 branches of the dungeon, and saw 9 of its levels.
You also visited: Sewer.

You collected 402 gold pieces.

Inventory:

Hand Weapons
 h - a +0 short sword
 j - a +3 vampiric spear
Missiles
 n - 2 tomahawks of returning (quivered)
Armour
 a - a +0 robe (worn)
 r - a +2 shield
 v - a cursed +1 pair of gloves (worn)
 D - the +3 scale mail "Iggaibb" {*Drain MR+ Int+7}
   (You found it on level 7 of the Dungeon)

   It affects your intelligence (+7).
   It affects your resistance to hostile enchantments.
   It causes draining when unequipped.
Magical Staves
 f - an uncursed staff of energy (weapon)
Jewellery
 e - a ring of stealth (left hand)
 y - a cursed ring of poison resistance (right hand)
Scrolls
 d - 4 scrolls of enchant weapon
 g - a scroll of amnesia {unknown}
 i - a scroll of fear
 m - a scroll of teleportation {unknown}
 p - 2 scrolls of immolation {unknown}
 q - a scroll of enchant armour
 u - 2 scrolls of remove curse
 C - a scroll of fog {unknown}
Potions
 b - a potion of brilliance
 k - a potion of resistance
 l - 3 potions of lignification
 o - 3 potions of flight
 s - a potion of berserk rage
 t - a potion of magic
 x - 3 potions of agility
 z - a potion of heal wounds
 A - 2 potions of haste
 B - a potion of experience {unknown}
Comestibles
 c - 14 rations


   Skills:
 - Level 1.7 Dodging
 - Level 1.7 Stealth
 + Level 6.5 Spellcasting
 + Level 6.7 Conjurations
 + Level 6.9 Ice Magic


You had 7 spell levels left.
You knew the following spells:

 Your Spells              Type           Power        Failure   Level  Hunger
a - Freeze                Ice            ####         1%          1    None
b - Throw Frost           Conj/Ice       ####..       1%          2    None
c - Ozocubu's Armour      Chrm/Ice       ###.....     7%          3    None
d - Throw Icicle          Conj/Ice       ####....     6%          4    None
e - Summon Ice Beast      Ice/Summ       ###.....     24%         4    None


Dungeon Overview and Level Annotations

Branches:
Dungeon (8/15)             Temple (1/1) D:4
   Lair: D:8-11

Altars:
Ashenzari
Cheibriados
Dithmenos
Elyvilon
Fedhas
Gozag
Hepliaklqana
Makhleb
Nemelex Xobeh
Okawaru
Ru
Sif Muna
Trog
Uskayaw
Wu Jian
Xom
Yredelemnul
Zin

Annotations:
D:8 RoseArtemis's ghost, novice MiFi


Innate Abilities, Weirdness & Mutations

You have a pair of antennae on your head.
You are slightly more attuned to the shadows.
You are partially covered in sharp spines.


Message History

Casting: Freeze (safe; 1% risk of failure)
Confirm with . or Enter, or press ? or * to list all spells.
Aiming: Freeze (safe; 1% risk of failure)
Press: ? - help, Shift-Dir - straight line, f/p - hippogriff
Aim: a hippogriff (almost dead)
You freeze the hippogriff.
The hippogriff is almost dead.
The hippogriff closely misses you. The hippogriff pecks you.
* * * LOW HITPOINT WARNING * * *
The hippogriff claws you.
* * * LOW HITPOINT WARNING * * *
Casting: Freeze (safe; 1% risk of failure)
Confirm with . or Enter, or press ? or * to list all spells.
Aiming: Freeze (safe; 1% risk of failure)
Press: ? - help, Shift-Dir - straight line, f/p - hippogriff
Aim: a hippogriff (almost dead)
You freeze the hippogriff.
The hippogriff is almost dead.
The hippogriff bites you!
You die...

..####### ###########
#...hH@.#####..........
...####.............###
........##.........###
............#.........
....................##
..
......#..<............
#..
.####..>#..........##.
... ......#........###
... .....#.........#


You could see a hippogriff and a jackal.

Vanquished Creatures
  Menkaure (D:6)
  An orc warrior (D:6)
  2 sky beasts
  Purgy (Sewer)
  2 ice beasts
  A phantom (D:8)
  An ogre (D:5)
  2 centaurs
  2 bullfrogs
  2 crimson imps (D:7)
  A centaur zombie (D:5)
  A jelly (D:6)
  3 orc wizards
  3 orc priests
  A gnoll shaman (D:6)
  3 hounds
  A bullfrog skeleton (D:6)
  A centaur skeleton (D:5)
  An iguana (D:6)
  2 worker ants
  2 hound zombies (D:5)
  A hound skeleton (D:4)
  9 adders
  7 gnolls (D:6)
  A howler monkey skeleton (D:4)
  2 shadow imps
  An ooze (D:1)
  An adder zombie (D:5)
  A worm (D:3)
  A dart slug (D:2)
  4 leopard geckos
  19 orcs
  8 giant cockroaches
  5 goblins
  11 hobgoblins
  12 jackals
  3 quokkas
  2 ball pythons (D:3)
  11 bats
  6 frilled lizards
  A jackal skeleton (D:4)
  16 kobolds
  5 rats
161 creatures vanquished.

Vanquished Creatures (others)
  An orc wizard (D:3)
1 creature vanquished.

Grand Total: 162 creatures vanquished

Notes
Turn   | Place    | Note
-------+----------+-------------------------------------------
     0 | D:1      | mortelune the Demonspawn Ice Elementalist began the quest for the Orb.
     0 | D:1      | Reached XP level 1. HP: 13/13 MP: 3/3
   216 | D:1      | Gained mutation: You are slightly more attuned to the shadows. [demonic ancestry]
   216 | D:1      | Reached XP level 2. HP: 19/19 MP: 0/5
   271 | D:1      | Learned a level 2 spell: Throw Frost
  1201 | D:1      | Gained mutation: You have a pair of small antennae on your head. [demonic ancestry]
  1201 | D:1      | Reached XP level 3. HP: 22/24 MP: 1/6
  1699 | D:2      | Learned a level 3 spell: Ozocubu's Armour
  2533 | D:2      | Gained mutation: You have a pair of antennae on your head. [demonic ancestry]
  2533 | D:2      | Reached XP level 4. HP: 30/30 MP: 0/8
  2893 | D:3      | Found a glowing drain.
  2952 | Sewer    | Entered a sewer
  3084 | Sewer    | Noticed Purgy
  3509 | Sewer    | Killed Purgy
  3509 | Sewer    | Reached XP level 5. HP: 14/35 MP: 0/10
  4434 | D:3      | Learned a level 4 spell: Throw Icicle
  4516 | D:4      | Found a staircase to the Ecumenical Temple.
  4524 | Temple   | Entered the Ecumenical Temple
  4590 | Temple   | Became a worshipper of Ashenzari the Shackled
  4908 | D:4      | Reached XP level 6. HP: 41/41 MP: 4/11
  7043 | D:5      | Entered Level 5 of the Dungeon
  7113 | D:5      | Reached * piety under Ashenzari
  7116 | D:5      | Noticed an ice beast
  7410 | D:5      | Found a hide-covered altar of Uskayaw.
  7410 | D:5      | Found a basalt altar of Yredelemnul.
  7491 | D:5      | Reached XP level 7. HP: 45/46 MP: 10/13
  7497 | D:5      | Learned a level 4 spell: Summon Ice Beast
  7615 | D:5      | HP: 2/46 [something (1)]
  8074 | D:5      | Reached skill level 5 in Ice Magic
  8075 | D:5      | Found a white marble altar of Elyvilon.
  9001 | D:6      | Found a shadowy altar of Dithmenos.
  9158 | D:6      | Reached skill level 5 in Spellcasting
  9247 | D:6      | Reached skill level 5 in Conjurations
  9812 | D:6      | Found an ornate altar of the Wu Jian Council.
  9916 | D:6      | Gained mutation: You are partially covered in sharp spines. [demonic ancestry]
  9916 | D:6      | Reached XP level 8. HP: 52/52 MP: 0/15
 10927 | D:6      | Noticed Menkaure
 10965 | D:6      | Killed Menkaure
 11416 | D:7      | Found a burning altar of Makhleb.
 11719 | D:7      | Got the uncursed scale mail "Iggaibb" {*Drain MR+ Int+7}
 12056 | D:8      | Noticed RoseArtemis's ghost (novice MiFi)
 12973 | D:8      | Reached XP level 9. HP: 31/57 MP: 0/18
 13233 | D:8      | Slain by a hippogriff

Vault maps used:
D:1:      dpeg_arrival_rooms_with_view, minmay_split_cup_small
D:3:      cheibrodos_sewer_entry_drain, first_ration, lightli_corner_chamber
D:4:      lemuel_temple_firewalk_b
D:5:      gammafunk_temple_overflow_forgotten
D:6:      kennysheep_mini_moat, nicolae_overflow_crystal_walls, uniq_menkaure
D:7:      bloody_makhleb
Temple:   nicolae_temple_elliptical
Sewer:    kennysheep_door_sewer

Skill      XL: |  1  2  3  4  5  6  7  8 |
---------------+-------------------------+-----
Ice Magic      | 3 4 5 6 |  6.9
Conjurations   | 2 3 4 5 6 |  6.7
Spellcasting   | 3 4 5 6 |  6.5
Dodging        | |  1.7
Stealth        | |  1.7

Action                   |  1- 3 |  4- 6 |  7- 9 || total
-------------------------+-------+-------+-------++-------
Melee: Unarmed           |     2 |       |       ||     2
       Short sword       |     6 |       |       ||     6
       Club              |     1 |       |       ||     1
       Spear             |       |    51 |    61 ||   112
       Staff             |       |       |    13 ||    13
 Cast: Freeze            |    43 |   105 |    65 ||   213
       Throw Frost       |    22 |    37 |    39 ||    98
       Ozocubu's Armour  |       |     5 |    11 ||    16
       Throw Icicle      |       |       |    38 ||    38
       Summon Ice Beast  |       |       |     3 ||     3
Invok: Curse Item        |       |     1 |     1 ||     2
  Use: Scroll            |     1 |    10 |     7 ||    18
       Potion            |       |     4 |     3 ||     7
 Stab: Sleeping          |     5 |     2 |       ||     7
       Distracted        |       |       |     2 ||     2
  Eat: Chunk             |     6 |    12 |     5 ||    23
       Ration            |       |     3 |     5 ||     8
Armor: Robe              |     5 |    62 |    54 ||   121
Dodge: Dodged            |    26 |    93 |    83 ||   202

Table legend:
 A = Spawn XP
 B = Non-spawn XP
 C = Spawn XP percentage of total XP
 D = Spawn monster count
 E = Non-spawn monster count
 F = Spawn count percentage of total count
 G = Total turns spent on level
                    A         B        C        D         E        F      G
               +---------+---------+-------+---------+---------+-------+---------
         Total |       0 |    2918 |   0.0 |       0 |     162 |   0.0 | 13233
               +---------+---------+-------+---------+---------+-------+---------
           D:1 |       0 |      48 |   0.0 |       0 |      26 |   0.0 |  1651
           D:2 |       0 |      51 |   0.0 |       0 |      16 |   0.0 |  1307
           D:3 |       0 |     197 |   0.0 |       0 |      38 |   0.0 |  1678
           D:4 |       0 |     202 |   0.0 |       0 |      13 |   0.0 |  1895
           D:5 |       0 |     647 |   0.0 |       0 |      26 |   0.0 |  1948
           D:6 |       0 |     787 |   0.0 |       0 |      23 |   0.0 |  1896
           D:7 |       0 |     376 |   0.0 |       0 |       9 |   0.0 |   960
           D:8 |       0 |     479 |   0.0 |       0 |       5 |   0.0 |   896
         Sewer |       0 |     131 |   0.0 |       0 |       6 |   0.0 |   908
               +---------+---------+-------+---------+---------+-------+---------
